 Dungeon Crawl Stone Soup version 0.26-a0-466-g989023bd0d (webtiles) character file.

Game seed: 16874859311440647720

15750 night the Polluter (level 12, -6/80 (81) HPs)
             Began as a Green Draconian Venom Mage on Aug 12, 2020.
             Was a High Priest of Vehumet.
             Mangled by an eight-headed hydra (10 damage)
             ... on level 1 of the Lair of Beasts.
             The game lasted 00:45:40 (13484 turns).

night the Polluter (Green Draconian Venom Mage)    Turns: 13484, Time: 00:45:41

HP:   -6/80 (81)    AC: 11    Str:  8    XL:     12   Next: 4%
MP:   28/34         EV: 12    Int: 19    God:    Vehumet [*****.]
Gold: 855           SH:  0    Dex: 14    Spells: 10/29 levels left

rFire    + . .     SeeInvis +   M - +7 pair of quick blades "Gyre" and "Gimble" {protect}
rCold    . . .     Faith    +   (shield currently unavailable)
rNeg     + . .     Spirit   .   (armour unavailable)
rPois    +         Reflect  .   (helmet restricted)
rElec    .         Harm     .   b - +0 cloak
rCorr    .                      Q - +1 pair of gloves {archery}
MR       .....                  (no boots)
Stlth    ++........             H - amulet of faith (curse)
HPRegen  0.23/turn              u - ring of magical power
MPRegen  0.24/turn              x - ring of Naennuvo {rF+ rN+ Str-2 Slay+3 SInv}

@: short of breath, frozen ramparts
A: breathe noxious fumes, unfitting armour, poison resistance, cold-blooded, AC
+8
a: Breathe Noxious Fumes, Renounce Religion


You were on level 1 of the Lair of Beasts.
You worshipped Vehumet.
Vehumet was extremely pleased with you.
You visited 3 branches of the dungeon, and saw 12 of its levels.
You also visited: Sewer.

You collected 855 gold pieces.

Inventory:

Hand Weapons
 c - a +0 dagger
 d - a +3 whip of freezing
 G - the +10 dagger "Spider's Undoing" {drain, rPois rF+ MR+++ Dex-4}
   (You found it on level 7 of the Dungeon)

   A truly terrible weapon, it drains the life of those it strikes.
   It affects your dexterity (-4).
   It protects you from fire.
   It protects you from poison.
   It affects your resistance to hostile enchantments.
 M - the +7 pair of quick blades "Gyre" and "Gimble" (weapon) {protect}
   (You found it on level 9 of the Dungeon)

   It grants its wielder temporary protection when it strikes (+7 to AC).
 R - the +7 short sword "Isoletyj" {drain, +Fly rPois Str+4}
   (You took it off a big kobold on level 10 of the Dungeon)

   A truly terrible weapon, it drains the life of those it strikes.
   It affects your strength (+4).
   It protects you from poison.
   It lets you fly.
Missiles
 o - 22 poisoned darts (quivered)
 q - 3 throwing nets
Armour
 b - a +0 cloak (worn)
 Q - a +1 pair of gloves of archery (worn)
Magical Staves
 t - an uncursed staff of poison
Jewellery
 s - an uncursed ring of see invisible
 u - a ring of magical power (left hand)
 x - the ring of Naennuvo (right hand) {rF+ rN+ Str-2 Slay+3 SInv}
   (You found it on level 5 of the Dungeon)

   [ring of see invisible]

   It affects your strength (-2).
   It affects your accuracy and damage with ranged weapons and melee attacks
   (+3).
   It protects you from fire.
   It protects you from negative energy.
   It lets you see invisible.
 C - an uncursed amulet of the acrobat
 H - a cursed amulet of faith (around neck)
 K - an uncursed ring of positive energy
Wands
 a - a wand of digging (4)
 r - a wand of paralysis (11)
 w - a wand of polymorph (15)
 E - a wand of flame (7)
 F - a wand of acid (8)
 S - a wand of disintegration (7)
Scrolls
 i - 13 scrolls of identify
 j - a scroll of blinking
 n - 8 scrolls of teleportation
 y - 6 scrolls of remove curse
 A - a scroll of amnesia
 I - a scroll of brand weapon {unknown}
 J - 3 scrolls of magic mapping
 N - a scroll of enchant weapon
 P - a scroll of fog {unknown}
Potions
 e - 3 potions of invisibility
 f - 2 potions of haste
 g - 11 potions of curing
 h - a potion of might
 k - 8 potions of flight
 l - 10 potions of heal wounds
 m - 2 potions of magic {unknown}
 p - 2 potions of lignification {unknown}
 v - a potion of mutation {unknown}
 z - 3 potions of stabbing
 B - 2 potions of resistance {unknown}
 D - a potion of berserk rage {unknown}
 L - a potion of cancellation {unknown}
 O - a potion of ambrosia {unknown}


   Skills:
 + Level 5.4 Short Blades
 - Level 1.7 Dodging
 - Level 1.7 Stealth
 + Level 9.3 Spellcasting
 - Level 1.0 Transmutations
 + Level 6.2 Ice Magic
 - Level 4.7 Earth Magic
 * Level 16.0 Poison Magic


You had 10 spell levels left.
You knew the following spells:

 Your Spells              Type           Power        Failure   Level
a - Sting                 Tmut/Pois      ####         1%          1
b - Poisonous Vapours     Pois/Air       #####.       1%          2
c - Ignite Poison         Fire/Tmut/Pois ####....     1%          3
d - Olgreb's Toxic Radia  Pois           ######..     1%          4
e - Mephitic Cloud        Conj/Pois/Air  ####....     1%          3
f - Stone Arrow           Conj/Erth      ###...       2%          3
g - Frozen Ramparts       Ice            ####..       1%          3

Your spell library contained the following spells:

 Spells                   Type           Power        Failure   Level
 Spellforged Servitor     Conj/Summ      #.........   100%        7
 Sandblast                Erth           ####..       1%          1
 Passwall                 Tmut/Erth      ###.....     3%          2
 Animate Skeleton         Necr           #.....       8%          1
 Apportation              Tloc           #.....       8%          1
 Corona                   Hex            #......      8%          1
 Summon Small Mammal      Summ           #...         8%          1
 Lee's Rapid Deconstruct  Erth           ####......   9%          5
 Call Imp                 Summ           #.......     12%         2
 Summon Ice Beast         Ice/Summ       ###.....     22%         4
 Call Canine Familiar     Summ           #.......     24%         3
 Summon Guardian Golem    Hex/Summ       #.......     24%         3
 Petrify                  Tmut/Erth      ###.....     24%         4
 Summon Lightning Spire   Summ/Air       #.......     61%         4


Dungeon Overview and Level Annotations

Branches:
Dungeon (10/15)            Temple (1/1) D:4            Lair (1/6) D:10
    Orc (0/2) D:10          Sewer (visited)

Altars:
Ashenzari
Cheibriados
Dithmenos
Elyvilon
Fedhas
Gozag
Hepliaklqana
Kikubaaqudgha
Makhleb
Nemelex Xobeh
Okawaru
Qazlal
Ru
Sif Muna
Trog
Uskayaw
Vehumet
Wu Jian
Xom
Yredelemnul
Zin
The Shining One
Beogh

Shops:
D:9 (

Annotations:
D:9 2 transporters, SatoMori's ghost, novice GnCj
Lair:1 exclusion: 2 oklob plants


Innate Abilities, Weirdness & Mutations

You can breathe blasts of noxious fumes.
Your lurid green scales are hard. (AC +8)
You cannot fit into any form of body armour.
Your system is resistant to poisons. (rPois)
You are cold-blooded and may be slowed by cold attacks.


Message History

The eight-headed hydra bites you. The eight-headed hydra bites you!
The eight-headed hydra barely misses you.
The eight-headed hydra closely misses you.
The eight-headed hydra bites you. The eight-headed hydra misses you.
The eight-headed hydra closely misses you.
The eight-headed hydra bites you!
* * * LOW HITPOINT WARNING * * *
The wall freezes the eight-headed hydra.
Evoke which item? (* to show all) (? for menu, Esc to quit)
Aiming: Corrosive Bolt
Press: ? - help, Shift-Dir - straight line, f - eight-headed hydra
Aim: an eight-headed hydra (noxious fumes, severely wounded, slow)
The bolt of acid hits the eight-headed hydra!
The eight-headed hydra is splashed with acid.
The acid corrodes the eight-headed hydra!
The eight-headed hydra is almost dead.
The eight-headed hydra bites you!
* * * LOW HITPOINT WARNING * * *
The eight-headed hydra bites you!
You die...

######## #☼@#?$P#
##D#}.?# ######..#)P$# ##
###.......#.PP#... .#
###................. ##
#...................
.#####...................
.........................
†...............[........


You could see an eight-headed hydra (slow, corroded).

Vanquished Creatures
  A hydra (Lair:1)
  A two-headed ogre (D:10)
  3 death yaks (D:10)
  Pikel (D:7)
  An oklob plant (Lair:1)
  An orc knight (D:10)
  An orc sorcerer (D:10)
  A cane toad (Lair:1)
  A kobold demonologist (D:10)
  A komodo dragon (Lair:1)
  A troll (D:10)
  3 hippogriffs
  A wyvern (D:8)
  14 yaks
  A basilisk (Lair:1)
  A porcupine (D:10)
  2 water moccasins (Lair:1)
  2 ice beasts
  2 necrophages
  A phantom (D:8)
  2 sky beasts
  3 black bears
  5 orc warriors
  4 wolves (Lair:1)
  9 ogres
  5 centaurs
  3 crocodiles (Lair:1)
  4 lemures (D:7)
  5 bullfrogs
  10 big kobolds
  A gnoll sergeant (D:8)
  A wyvern skeleton (D:10)
  A scorpion (D:8)
  7 howler monkeys
  4 wights
  3 hounds
  A centaur skeleton (D:8)
  2 jellies
  2 quasits
  6 orc priests
  Terence (D:3)
  2 iguanas
  10 orc wizards
  6 worker ants
  A hell rat (D:10)
  7 gnolls
  7 river rats
  17 adders
  A howler monkey skeleton (D:4)
  A shadow imp (D:8)
  5 white imps
  An ufetubus (D:5)
  An ooze (Sewer)
  2 adder skeletons
  An adder zombie (D:9)
  4 worms
  3 dart slugs (D:2)
  8 leopard geckos
  30 orcs
  7 ball pythons
  7 bats
  8 giant cockroaches
  4 goblins
  9 hobgoblins
  7 quokkas
  6 frilled lizards
  A jackal zombie (D:6)
  24 kobolds
  A leopard gecko zombie (D:4)
  A quokka zombie (D:9)
  35 rats
336 creatures vanquished.

Vanquished Creatures (collateral kills)
  The ghost of p0werm0de the Cleaver, a journeyman DDFi of Makhleb (D:10)
1 creature vanquished.

Vanquished Creatures (others)
  2 plants (Lair:1)
2 creatures vanquished.

Grand Total: 339 creatures vanquished

Notes
Turn   | Place    | Note
-------+----------+-------------------------------------------
     0 | D:1      | night the Draconian Venom Mage began the quest for the Orb.
     0 | D:1      | Reached XP level 1. HP: 14/14 MP: 3/3
   175 | D:1      | Reached XP level 2. HP: 20/20 MP: 0/5
   529 | D:1      | Learned a level 2 spell: Poisonous Vapours
   701 | D:1      | Reached XP level 3. HP: 26/26 MP: 3/6
   954 | D:2      | Reached skill level 4 in Poison Magic
  1351 | D:2      | Learned a level 3 spell: Ignite Poison
  1814 | D:2      | Reached XP level 4. HP: 27/33 MP: 3/8
  2975 | D:3      | Learned a level 3 spell: Mephitic Cloud
  3184 | D:3      | Reached skill level 5 in Poison Magic
  3184 | D:3      | Reached XP level 5. HP: 36/38 MP: 0/9
  3366 | D:3      | Noticed Terence
  3458 | D:3      | Killed Terence
  4155 | D:4      | Reached XP level 6. HP: 39/45 MP: 4/11
  4354 | D:4      | Found a staircase to the Ecumenical Temple.
  4373 | Temple   | Entered the Ecumenical Temple
  4586 | Temple   | Became a worshipper of Vehumet
  4687 | D:4      | Reached skill level 6 in Poison Magic
  5250 | D:5      | Entered Level 5 of the Dungeon
  5571 | D:5      | Reached skill level 7 in Poison Magic
  5571 | D:5      | Your scales start taking on a lurid green colour.
  5571 | D:5      | Reached skill level 8 in Poison Magic
  5571 | D:5      | Reached XP level 7. HP: 50/50 MP: 4/13
  5571 | D:5      | Gained mutation: Your system is resistant to poisons.
                  | (rPois) [Green Draconian growth]
  5707 | D:5      | Learned a level 4 spell: Olgreb's Toxic Radiance
  5816 | D:5      | Found a basalt altar of Yredelemnul.
  5817 | D:5      | Found a hazy altar of Hepliaklqana.
  5882 | D:5      | Found a shattered altar of Ashenzari.
  5883 | D:5      | Got a flickering silver ring
  5885 | D:5      | Identified the ring of Naennuvo {rF+ rN+ Str-2 Slay+3 SInv}
                  | (You found it on level 5 of the Dungeon)
  6018 | D:5      | Found a glowing silver altar of Zin.
  6274 | D:5      | Found an iron altar of Okawaru.
  6311 | D:5      | Reached skill level 9 in Poison Magic
  6652 | D:6      | Found a glowing drain.
  6654 | D:6      | Reached * piety under Vehumet
  6654 | D:6      | Offered knowledge of Foxfire by Vehumet.
  6655 | D:6      | Reached skill level 5 in Spellcasting
  6745 | Sewer    | Entered a sewer
  6853 | Sewer    | Reached ** piety under Vehumet
  6853 | Sewer    | Offered knowledge of Sandblast by Vehumet.
  6856 | Sewer    | Reached XP level 8. HP: 55/57 MP: 15/15
  7007 | Sewer    | Reached skill level 10 in Poison Magic
  7485 | D:6      | Found a burning altar of Makhleb.
  7527 | D:6      | Found an ornate altar of the Wu Jian Council.
  7601 | D:6      | Offered knowledge of Stone Arrow by Vehumet.
  7660 | D:6      | Learned a level 3 spell: Stone Arrow
  7810 | D:6      | Reached skill level 1 in Earth Magic
  7810 | D:6      | Reached skill level 11 in Poison Magic
  7810 | D:6      | Reached skill level 2 in Earth Magic
  7819 | D:6      | Reached XP level 9. HP: 62/62 MP: 18/18
  8054 | D:7      | Noticed Pikel
  8065 | D:7      | Killed Pikel
  8065 | D:7      | Reached skill level 12 in Poison Magic
  8529 | D:7      | Reached *** piety under Vehumet
  8988 | D:7      | Got a jewelled dagger
  8988 | D:7      | Identified the +10 dagger "Spider's Undoing" {drain, rPois
                  | rF+ MR+++ Dex-4} (You found it on level 7 of the Dungeon)
  9096 | D:8      | Offered knowledge of Frozen Ramparts by Vehumet.
  9101 | D:8      | Learned a level 3 spell: Frozen Ramparts
  9210 | D:8      | Reached skill level 13 in Poison Magic
  9216 | D:8      | Reached skill level 1 in Ice Magic
  9217 | D:8      | Reached XP level 10. HP: 61/68 MP: 21/21
  9749 | D:8      | Reached skill level 2 in Ice Magic
  9836 | D:8      | Reached **** piety under Vehumet
  9912 | D:8      | Offered knowledge of Bolt of Magma by Vehumet.
 10079 | D:9      | Found a transporter.
 10103 | D:9      | Found a transporter.
 10103 | D:9      | Noticed SatoMori's ghost (novice GnCj)
 10137 | D:9      | Found the +7 pair of quick blades "Gyre" and "Gimble"
                  | {protect}
 10184 | D:9      | Found Ratuac's Weapon Shop.
 10821 | D:10     | Entered Level 10 of the Dungeon
 10831 | D:10     | Reached skill level 1 in Short Blades
 10893 | D:10     | Reached skill level 14 in Poison Magic
 11181 | D:10     | Found a staircase to the Orcish Mines.
 11213 | D:10     | Reached ***** piety under Vehumet
 11373 | D:10     | Noticed a two-headed ogre
 11378 | D:10     | Killed a two-headed ogre
 11378 | D:10     | Reached skill level 2 in Short Blades
 11422 | D:10     | Noticed a death yak
 11423 | D:10     | Noticed a death yak
 11423 | D:10     | Noticed a death yak
 11427 | D:10     | Offered knowledge of Fulminant Prism by Vehumet.
 11429 | D:10     | Killed a death yak
 11429 | D:10     | Killed a death yak
 11429 | D:10     | Reached XP level 11. HP: 73/73 MP: 23/23
 11442 | D:10     | Killed a death yak
 11525 | D:10     | Noticed an orc sorcerer
 11527 | D:10     | Noticed an orc knight
 11528 | D:10     | Found a roughly hewn altar of Beogh.
 11561 | D:10     | Found a transporter.
 11566 | D:10     | Found a transporter.
 11597 | D:10     | Killed an orc knight
 11675 | D:10     | Killed an orc sorcerer
 11675 | D:10     | Reached skill level 15 in Poison Magic
 11704 | D:10     | Reached skill level 5 in Ice Magic
 11926 | D:10     | Found a staircase to the Lair.
 11963 | D:10     | Found a runed translucent gate.
 11964 | D:10     | Found a runed translucent gate.
 11964 | D:10     | Identified the +7 short sword "Isoletyj" {drain, +Fly rPois
                  | Str+4}
 11965 | D:10     | Found a runed translucent gate.
 11966 | D:10     | Noticed p0werm0de's ghost (journeyman DDFi)
 12224 | D:10     | Killed p0werm0de's ghost
 12639 | Lair:1   | Entered Level 1 of the Lair of Beasts
 12676 | Lair:1   | Offered knowledge of Spellforged Servitor by Vehumet.
 12812 | Lair:1   | Reached skill level 5 in Short Blades
 13068 | Lair:1   | Noticed a six-headed hydra
 13080 | Lair:1   | HP: 10/73 [six-headed hydra (9)]
 13081 | Lair:1   | Killed a six-headed hydra
 13163 | Lair:1   | Reached skill level 16 in Poison Magic
 13425 | Lair:1   | Reached XP level 12. HP: 80/80 MP: 25/25
 13468 | Lair:1   | Noticed an eight-headed hydra
 13484 | Lair:1   | HP: 4/80 [eight-headed hydra (12)]
 13484 | Lair:1   | Mangled by an eight-headed hydra

Illustrated notes

Levels and vault maps discovered:
D:1:      lightli_arrival_quake, layout_loops_ring
D:2:      wander_river, layout_basic, minmay_heptomino_l4
D:3:      layout_basic, uniq_terence
D:4:      layout_loops_ring, minmay_temple_entry_mist, nrook_mini_backslash,
          minmay_pentomino_pile
D:5:      layout_loops_corners, kennysheep_little_box, lemuel_round_altar,
          gammafunk_temple_overflow_wave, minivault_14, ashenzari_altar_1
D:6:      layout_rooms, nicolae_overflow_hidden_temple,
          overflow_temple_1_default, portal_sewer_entry_a
D:7:      layout_cave_pools, minmay_misc_feat_rugged, uniq_pikel
D:8:      layout_loops_ring
D:9:      layout_basic, serial_shops, nicolae_shop_trees,
          gammafunk_ghost_mausoleum, minmay_misc_feat_cross
D:10:     gammafunk_beogh_shrine, layout_cave_pools, dpeg_lair_monsters,
          orc_0_dummy, gammafunk_ghost_nasty_kobolds, minmay_variable_closet,
          minivault_19
Temple:   eino_temple_rhombus
Lair:1:   layout_hall_layers, minmay_lair_oklob_chamber, grunt_megastairs_4

Skill      XL: |  1  2  3  4  5  6  7  8  9 10 11 |
---------------+----------------------------------+-----
Poison Magic   | 4 5 8 9 11 13 14 16 | 16.0
Spellcasting   | 3 4 5 6 7 8 9 |  9.3
Earth Magic    | 2 4 |  4.7
Ice Magic      | 1 4 6 |  6.2
Short Blades   | 3 5 |  5.4
Dodging        | |  1.7
Stealth        | |  1.7
Transmutations | |  1.0

Action                   |  1- 3 |  4- 6 |  7- 9 | 10-12 || total
-------------------------+-------+-------+-------+-------++-------
Melee: Whip              |    34 |    71 |       |       ||   105
       Tailslap          |     5 |     7 |     3 |    19 ||    34
       Dagger            |     1 |       |     1 |    84 ||    86
       Staff             |       |     2 |    33 |       ||    35
       Pair of quick bla |       |       |       |    56 ||    56
 Cast: Sting             |    68 |    82 |    47 |    42 ||   239
       Poisonous Vapours |     2 |    44 |    26 |     9 ||    81
       Ignite Poison     |       |     1 |    18 |    24 ||    43
       Mephitic Cloud    |       |     1 |     2 |     3 ||     6
       Olgreb's Toxic Ra |       |       |    33 |    42 ||    75
       Frozen Ramparts   |       |       |     2 |     2 ||     4
       Stone Arrow       |       |       |       |    10 ||    10
 Abil: Breathe Noxious F |       |       |     3 |    11 ||    14
Evoke: Wand              |       |       |       |     2 ||     2
  Use: Scroll            |     4 |     2 |     9 |     6 ||    21
       Potion            |     3 |       |       |       ||     3
 Stab: Sleeping          |     1 |     1 |       |     1 ||     3
       Distracted        |       |       |       |     1 ||     1
Armor: Skin              |    14 |    58 |    51 |    68 ||   191
Dodge: Dodged            |    35 |    90 |    63 |   106 ||   294

Table legend: (Time is in decaauts)
 A = Elapsed time spent in this place.
 B = Non-inter-level travel time spent in this place.
 C = Inter-level travel time spent in this place.
 D = Time resting spent in this place.
 E = Time spent auto-exploring this place.
 F = Levels seen in this place.
 G = Mean time per level.
                   A        B        C        D        E       F      G
               +--------+--------+--------+--------+--------+-----+--------+
         Total |  13487 |  13071 |    416 |   2753 |   8084 |  13 | 1037.5 |
       Dungeon |  11791 |  11412 |    379 |   2351 |   7102 |  10 | 1179.1 |
        Temple |    223 |    186 |     37 |      0 |    185 |   1 |  223.0 |
          Lair |    823 |    823 |      0 |    308 |    398 |   1 |  823.0 |
         Sewer |    647 |    647 |      0 |     94 |    398 |   1 |  647.0 |
               +--------+--------+--------+--------+--------+-----+--------+

Top non-repeatable levels by time:
    D:10: 1755 daAuts
     D:2: 1719 daAuts
     D:5: 1400 daAuts
     D:4: 1386 daAuts
     D:7: 1050 daAuts
     D:3: 1009 daAuts
     D:8: 965 daAuts
     D:1: 933 daAuts
  Lair:1: 823 daAuts
     D:9: 810 daAuts
     D:6: 761 daAuts
   Sewer: 647 daAuts
  Temple: 223 daAuts
